 Dungeon Crawl Stone Soup version 0.24-a0-762-gca426f56c8 (webtiles) character file.

Game seed: 2104655985918842087, levelgen mode: deterministic

11 EtherCrawl the Sneak (level 2, -1/20 HPs)
             Began as a Gnoll Enchanter on Oct 3, 2019.
             Slain by an ooze (5 damage)
             ... on level 1 of the Dungeon.
             The game lasted 00:01:11 (674 turns).

EtherCrawl the Sneak (Gnoll Enchanter)               Turns: 674, Time: 00:01:11

Health: -1/20      AC:  2    Str: 10    XL:     2   Next: 29%
Magic:  7/7        EV: 14    Int: 17    God:
Gold:   7          SH:  0    Dex: 15    Spells: 7/10 levels left

rFire    . . .     SeeInvis .   a - +1 dagger
rCold    . . .     Gourm    .   (no shield)
rNeg     . . .     Faith    .   b - +0 robe
rPois    .         Spirit   .   (no helmet)
rElec    .         Reflect  .   (no cloak)
rCorr    .         Harm     .   (no gloves)
MR       .....                  (no boots)
Stlth    +++.......             (no amulet)
HPRegen  0.06/turn              (no ring)
MPRegen  0.10/turn              (no ring)

@: no status effects
A: distributed training, fangs 1, strong nose
a: no special abilities


You were on level 1 of the Dungeon.
You were not hungry.

You visited 1 branch of the dungeon, and saw 1 of its levels.

You collected 7 gold pieces.

Inventory:

Hand Weapons
 a - a +1 dagger (weapon)
Armour
 b - a +0 robe (worn)
Jewellery
 e - an uncursed ring of protection from fire {unknown}
 f - a cursed -3 ring of dexterity {unknown}
Scrolls
 i - a scroll of identify {unknown}
Potions
 g - 4 potions of agility {unknown}
 h - a potion of invisibility {unknown}
Comestibles
 d - 2 rations


   Skills:
 + Level 0.3 Fighting
 + Level 2.4 Short Blades
 + Level 0.3 Long Blades
 + Level 0.3 Axes
 + Level 0.3 Maces & Flails
 + Level 0.3 Polearms
 + Level 0.3 Staves
 + Level 0.3 Slings
 + Level 0.3 Bows
 + Level 0.3 Crossbows
 + Level 0.3 Throwing
 + Level 0.3 Armour
 + Level 4.4 Dodging
 + Level 5.9 Stealth
 + Level 0.3 Shields
 + Level 0.3 Unarmed Combat
 + Level 4.9 Spellcasting
 + Level 0.2 Conjurations
 + Level 5.3 Hexes
 + Level 0.2 Charms
 + Level 0.2 Summonings
 + Level 0.2 Necromancy
 + Level 0.2 Translocations
 + Level 0.2 Transmutations
 + Level 0.2 Fire Magic
 + Level 0.2 Ice Magic
 + Level 0.2 Air Magic
 + Level 0.2 Earth Magic
 + Level 0.2 Poison Magic
 + Level 0.4 Invocations
 + Level 0.3 Evocations


You had 7 spell levels left.
You knew the following spells:

 Your Spells              Type           Power        Failure   Level  Hunger
a - Corona                Hex            ###....      1%          1    None
b - Ensorcelled Hibernat  Hex/Ice        ##....       7%          2    #......

Your spell library contained the following spells:

 Spells                   Type           Power        Failure   Level  Hunger
 Confuse                  Hex            ###.....     4%          3    ###....
 Tukima's Dance           Hex            ###.....     4%          3    ###....
 Dazzling Spray           Conj/Hex       ##....       14%         3    ###....


Dungeon Overview and Level Annotations

Branches:
Dungeon (1/15)

Altars:


Innate Abilities, Weirdness & Mutations

Your experience applies equally to all skills.
You have very sharp teeth.
Your uncanny sense of smell can sniff out nearby items.


Message History

The ooze is severely wounded.
The ooze barely misses you.
You hit the ooze.
The ooze is severely wounded.
The ooze hits you.
* * * LOW HITPOINT WARNING * * *
You hit the ooze. You bite the ooze, but do no damage.
The ooze is almost dead.
The ooze closely misses you.
You barely miss the ooze.
The ooze is almost dead.
The ooze hits you.
* * * LOW HITPOINT WARNING * * *
You barely miss the ooze. You bite the ooze, but do no damage.
The ooze is almost dead.
You barely miss the ooze.
The ooze is almost dead.
The ooze misses you. The ooze hits you.
You die...

############# #...........# #####
#.#########.#
#######...###########.## #.#
......'...+.....@......########.#
'######...#...###J............).#
.....##...#...# #...............#
.....##.......# #...............#
.....##.......# ##.......##.....#
.....##...)...# #.......##.....#
'######.....######.......##.J...#
...# #.....# #..........###.....
.#.# #.....# #..........# #..###


You could see an ooze.

Vanquished Creatures
  A dart slug (D:1)
  A goblin (D:1)
  2 hobgoblins (D:1)
  2 jackals (D:1)
  A frilled lizard (D:1)
  2 rats (D:1)
9 creatures vanquished.

Notes
Turn   | Place    | Note
-------+----------+-------------------------------------------
     0 | D:1      | EtherCrawl the Gnoll Enchanter began the quest for the Orb.
     0 | D:1      | Reached XP level 1. HP: 13/13 MP: 6/6
   324 | D:1      | Reached XP level 2. HP: 8/19 MP: 7/7
   506 | D:1      | Learned a level 2 spell: Ensorcelled Hibernation
   674 | D:1      | Slain by an ooze

Levels and vault maps discovered:
D:1:      psy_arrival_dodecagon, layout_basic, minivault_26, xom_teletrap_fun

Action                   || total
-------------------------++-------
Melee: Dagger            ||    50
       Bite              ||     8
 Stab: Sleeping          ||     1
Armor: Robe              ||    13
Dodge: Dodged            ||    31

Table legend:
 A = Non-vault XP
 B = Vault XP
 C = Vault XP percentage of total XP
 D = Non-vault monster count
 E = Vault monster count
 F = Vault count percentage of total count
                 A         B        C        D         E       F
            +---------+---------+-------+---------+---------+-------
      Total |      17 |       0 |   0.0 |       9 |       0 |   0.0
            +---------+---------+-------+---------+---------+-------
        D:1 |      17 |       0 |   0.0 |       9 |       0 |   0.0
            +---------+---------+-------+---------+---------+-------
